 Dungeon Sprint DCSS version 0.27.1-2-g3b301248ec (webtiles) character file.

Game seed: 16079115725133810538

2587 boopmooplesden the Blocker (level 9, -7/90 HPs)
             Began as a Minotaur Fighter on Sept 25, 2021.
             Was a Believer of Okawaru.
             Engulfed by a cloud of freezing vapour (10 damage)
             ... in the Dungeon (Sprint II: "The Violet Keep of Menkaure").
             The game lasted 00:09:06 (1170 turns).

boopmooplesden the Blocker (Minotaur Fighter)       Turns: 1170, Time: 00:09:06

Health: -7/90      AC: 10    Str: 24    XL:     9   Next: 32%
Magic:  7/8        EV: 11    Int:  5    God:    Okawaru [**....]
Gold:   684        SH: 13    Dex: 10    Spells: 8/8 levels left

rFire    + + .     SeeInvis +   d - +1 broad axe (holy)
rCold    + . .     Faith    .   c - +0 kite shield
rNeg     . . .     Spirit   .   b - +0 scale mail
rPois    +         Reflect  .   (helmet restricted)
rElec    +         Harm     .   (no cloak)
rCorr    +         Rampage  .   f - -1 pair of gloves of the Orb {rF+ SInv}
Will     .....     NoTele   +   (no boots)
Stlth    ..........             (no amulet)
HPRegen  0.25/turn              (no ring)
MPRegen  0.11/turn              (no ring)

@: resistant
A: horns 2, retaliatory headbutt
a: Renounce Religion, Heroism


You were in the Dungeon.
You worshipped Okawaru.
Okawaru was pleased with you.
You visited 1 branch You collected 1075 gold pieces.
You spent 391 gold pieces at shops.

Inventory:

Hand Weapons
 a - a +0 war axe
 d - a +1 broad axe of holy wrath (weapon)
Armour
 b - a +0 scale mail (worn)
 c - a +0 kite shield (worn)
 f - the -1 pair of gloves of the Orb (worn) {rF+ SInv}
   (You bought it in a shop in the Dungeon)

   rF:        It protects you from fire.
   SInv:      It lets you see invisible.
 n - a +0 chain mail
Jewellery
 p - an amulet of regeneration
 t - a ring of protection from cold
Scrolls
 u - a scroll of fear
Potions
 e - a potion of curing
 g - 4 potions of haste
 h - 5 potions of magic
 i - 2 potions of berserk rage
 k - 3 potions of mutation
 l - 4 potions of heal wounds
 o - 3 potions of flight
 q - 2 potions of resistance
 r - 2 potions of degeneration {unknown}
 s - 2 potions of attraction
 w - a potion of brilliance {unknown}


   Skills:
 + Level 12.0 Fighting
 + Level 12.4 Axes
 + Level 12.9 Armour
 + Level 5.7 Dodging
 + Level 1.2 Stealth
 + Level 13.1 Shields


You had 8 spell levels left.
You didn't know any spells.
Your spell library contained the following spells:

 Spells                   Type           Power      Damage    Failure   Level
 Passwall                 Tmut/Erth      0%         N/A       90%         2
 Swiftness                Air            0%         N/A       99%         3
 Invisibility             Hex            0%         N/A       100%        6


Dungeon Overview and Level Annotations

Branches:
Dungeon (1/1)

Altars:
Cheibriados
Dithmenos
Elyvilon
Fedhas
Gozag
Hepliaklqana
Kikubaaqudgha
Makhleb
Nemelex Xobeh
Okawaru
Qazlal
Ru
Sif Muna
Trog
Uskayaw
Vehumet
Wu Jian
Xom
Yredelemnul
Zin
The Shining One
Beogh
Jiyva
Lugonu

Shops:
D :!([*=!?=?[*?(:

Annotations:
D exclusions: ice statue and oklob plant


Innate Abilities, Weirdness & Mutations

You have a pair of horns on your head.
You reflexively headbutt those who attack you in melee.


Message History

Okay, then.
Blink to where?
Press: ? - help, Dir - move target
As you read the scroll of blinking, it crumbles to dust.
You block the ice beast's attack.
The ice statue gestures.
You hit the ice statue. You headbutt the ice statue!
The ice statue is lightly damaged.
You slash the ice beast! You closely miss the ice beast.
You are engulfed in freezing vapours.
You resist.
* * * LOW HITPOINT WARNING * * *
You block the ice beast's attack.
You hit the ice statue but do no damage.
You headbutt the ice statue.
The ice statue is moderately damaged.
You hit the ice beast.
Your scale mail prevents you from hitting the ice beast.
You slash the ice beast!
You are engulfed in freezing vapours.
You resist.
* * * LOW HITPOINT WARNING * * *
You block the ice beast's attack. The ice beast hits you.
* * * LOW HITPOINT WARNING * * *
The ice beast freezes you. You resist.
* * * LOW HITPOINT WARNING * * *
The ice beast hits you but does no damage.
You hit the ice statue but do no damage.
You headbutt the ice statue, but do no damage.
The ice statue is moderately damaged.
You slash the ice beast!
You kill the ice beast!
You slash the ice beast! You hit the ice beast.
You are engulfed in freezing vapours.
You resist.
* * * LOW HITPOINT WARNING * * *
The ice beast hits you but does no damage.
The ice beast barely misses you.
The ice statue gestures.
You slash the ice statue!
The ice statue is moderately damaged.
You hit the ice beast but do no damage. You closely miss the ice beast.
You are engulfed in freezing vapours.
You resist.
You die...

≈≈≈*,*+++#+++#≈≈§§§≈≈≈≈#.._._._.#
≈,≈***≈≈≈≈°≈≈##§§≈###≈§#..._._._#
≈,≈**≈≈≈≈≈≈≈≈≈##≈≈#,#§≈#...._._.#
≈≈≈+≈≈≈≈≈≈≈≈≈≈≈+≈≈#+#§§#....._..#
≈,≈**≈≈≈≈≈≈≈≈≈##§≈≈≈§≈§##########
≈≈≈***≈≈≈≈≈≈≈###########≈≈≈≈≈≈≈≈≈
,≈≈*∩****+**##.°°.Y°°###≈########
≈≈**^,,,***##○°°°.°○°.##≈#,,,,,,#
,**∩,^,^,,,+○○○○@8☼☼☼°.'≈#,,,,,,*
**********,##○°○YY....####,,,,,,+
,,,,,,,,,*,,##°○.○...##***,,,,,,*
**********,,,#########,,,,,,,,,,*
,,,,,,,,,,,,^+,+333+,+,,,,,,,,,,*
***************#####*************


You could see an ice statue, 2 sixfirhies and 3 ice beasts.

Vanquished Creatures
  A merfolk siren (D)
  A yaktaur (D)
  3 polar bears (D)
  A hornet (D)
  A vampire mosquito (D)
  5 water moccasins (D)
  4 necrophages (D)
  4 scorpions (D)
  3 worms (D)
23 creatures vanquished.

Vanquished Creatures (others)
  Menkaure (D)
  4 tentacles (D)
5 creatures vanquished.

Grand Total: 28 creatures vanquished

Notes
Turn   | Place    | Note
-------+----------+-------------------------------------------
     0 | D        | boopmooplesden the Minotaur Fighter began the quest for the
                  | Orb.
     0 | D        | Reached XP level 1. HP: 19/19 MP: 0/0
     1 | D        | Noticed a necrophage
     1 | D        | Noticed a necrophage
     1 | D        | Noticed a necrophage
     1 | D        | Noticed a necrophage
     7 | D        | Killed a necrophage
     8 | D        | Reached skill level 6 in Shields
     8 | D        | Reached XP level 2. HP: 18/30 MP: 1/1
     8 | D        | Reached XP level 3. HP: 22/37 MP: 2/2
     8 | D        | Reached XP level 4. HP: 26/44 MP: 3/3
    15 | D        | Killed a necrophage
    16 | D        | Reached skill level 5 in Axes
    16 | D        | Reached skill level 7 in Shields
    16 | D        | Reached XP level 5. HP: 33/52 MP: 4/4
    20 | D        | Killed a necrophage
    21 | D        | Reached skill level 8 in Shields
    26 | D        | Killed a necrophage
    27 | D        | Reached skill level 1 in Dodging
    27 | D        | Reached skill level 9 in Shields
    27 | D        | Reached XP level 6. HP: 26/62 MP: 5/5
    63 | D        | Killed Menkaure
   210 | D        | Reached skill level 10 in Armour
   220 | D        | Reached skill level 10 in Shields
   220 | D        | Reached XP level 7. HP: 41/70 MP: 6/6
   316 | D        | Noticed a merfolk siren
   324 | D        | Killed a merfolk siren
   325 | D        | Reached skill level 10 in Fighting
   381 | D        | Found Muozoco's Magic Scroll Shoppe.
   381 | D        | Found Popp's Jewellery Emporium.
   381 | D        | Found Agguj's Assorted Antiques.
   381 | D        | Found Ujomueq's Magic Scroll Shoppe.
   381 | D        | Found Eleolued's Assorted Antiques.
   381 | D        | Found Byhit's Antique Armour Emporium.
   381 | D        | Found Ygie's Weapon Shoppe.
   381 | D        | Found Metadaum's Distillery.
   381 | D        | Found Fogroiph's Book Shoppe.
   381 | D        | Found Feityep's Antique Armour Emporium.
   382 | D        | Found Ibryi's Magic Scroll Shoppe.
   382 | D        | Found Fibruf Fuiko's Jewellery Emporium.
   382 | D        | Found Ommemoh's Antique Weapon Shoppe.
   382 | D        | Found Niqiov's Distillery.
   382 | D        | Noticed a slime creature
   386 | D        | Noticed a vampire mosquito
   416 | D        | Killed a vampire mosquito
   417 | D        | Reached skill level 10 in Axes
   417 | D        | Reached skill level 11 in Shields
   417 | D        | Reached XP level 8. HP: 51/80 MP: 7/7
   426 | D        | Noticed a slime creature
   426 | D        | Noticed a slime creature
   426 | D        | Noticed an oklob plant
   427 | D        | Found Unesul's Book Shoppe.
   428 | D        | Noticed an iron elemental
   438 | D        | Bought a runed broad axe for 154 gold pieces
   444 | D        | Bought a pair of masterwork gloves for 237 gold pieces
   444 | D        | Identified the -1 pair of gloves of the Orb {rF+ SInv} (You
                  | bought it in a shop in the Dungeon)
   484 | D        | Found an iron altar of Okawaru.
   484 | D        | Found an opulent altar of Gozag.
   485 | D        | Found a sparkling altar of Nemelex Xobeh.
   485 | D        | Found a blossoming altar of Fedhas.
   486 | D        | Found a radiant altar of Vehumet.
   486 | D        | Found a burning altar of Makhleb.
   486 | D        | Found a white marble altar of Elyvilon.
   487 | D        | Found a hide-covered altar of Uskayaw.
   487 | D        | Found a corrupted altar of Lugonu.
   487 | D        | Found a shadowy altar of Dithmenos.
   488 | D        | Found a glowing silver altar of Zin.
   488 | D        | Found a bloodstained altar of Trog.
   488 | D        | Found an ancient bone altar of Kikubaaqudgha.
   488 | D        | Found a snail-covered altar of Cheibriados.
   489 | D        | Found a basalt altar of Yredelemnul.
   489 | D        | Found a shimmering blue altar of Sif Muna.
   489 | D        | Found a viscous altar of Jiyva.
   490 | D        | Found a shimmering altar of Xom.
   490 | D        | Found a sacrificial altar of Ru.
   491 | D        | Noticed a polar bear
   492 | D        | Found a glowing golden altar of the Shining One.
   492 | D        | Found an ornate altar of the Wu Jian Council.
   492 | D        | Found a stormy altar of Qazlal.
   492 | D        | Found a hazy altar of Hepliaklqana.
   492 | D        | Noticed a hornet
   492 | D        | Noticed a polar bear
   492 | D        | Noticed a polar bear
   493 | D        | Noticed a yaktaur
   495 | D        | Became a worshipper of Warmaster Okawaru
   502 | D        | Killed a polar bear
   503 | D        | Killed a hornet
   507 | D        | Killed a polar bear
   507 | D        | Reached * piety under Okawaru
   508 | D        | Reached skill level 12 in Shields
   510 | D        | Killed a polar bear
   511 | D        | Reached XP level 9. HP: 38/89 MP: 8/8
   514 | D        | Killed a yaktaur
   514 | D        | Reached ** piety under Okawaru
   515 | D        | Reached skill level 5 in Dodging
   515 | D        | Reached skill level 1 in Stealth
   767 | D        | Noticed a kraken
   783 | D        | Reached skill level 13 in Shields
  1144 | D        | Noticed an ice statue
  1150 | D        | Noticed a sixfirhy
  1154 | D        | Noticed a sixfirhy
  1166 | D        | Noticed a sixfirhy
  1169 | D        | HP: 2/90 [something (7)]
  1170 | D        | Engulfed by a cloud of freezing vapour

Illustrated notes

Levels and vault maps discovered:
D:        the_violet_keep_of_menkaure [sprint2_stairs_cluster_1,
          sprint2_shoproom, sprint2_temple, sprint2_basic_supplies,
          sprint2_obstacle_5, sprint2_obstacle_2, sprint2_obstacle_3,
          sprint2_obstacle_6, sprint2_obstacle_4, sprint2_timed_cluster_1,
          sprint2_smallroom_cluster_1, sprint2_smallroom_final_cluster_1,
          sprint2_transparent_cluster_1, sprint2_second_timed_cluster_1,
          sprint2_sniper_area_1, sprint2_heavy_combat_area_1,
          sprint2_mutation_trap_area_1, sprint2_forest_area_1,
          sprint2_light_combat_area_1, sprint2_behind_water_1,
          sprint2_near_end_vault_1]

Skill      XL: |  1  2  3  4  5  6  7  8  9 |
---------------+----------------------------+-----
Fighting       | 6 7 8 9 10 11 12 | 12.0
Axes           | 4 5 7 8 10 11 12 | 12.4
Armour         | 6 8 9 10 11 12 | 12.9
Shields        | 6 7 9 10 11 12 13 | 13.1
Dodging        | 1 3 4 5 |  5.7
Stealth        | 1 |  1.2

Action                   |  1- 3 |  4- 6 |  7- 9 || total
-------------------------+-------+-------+-------++-------
Melee: War axe           |     5 |    29 |    53 ||    87
       Headbutt          |     1 |     9 |    24 ||    34
       Broad axe         |       |       |    45 ||    45
Invok: Heroism           |       |       |     1 ||     1
  Use: Potion            |       |       |     4 ||     4
       Scroll            |       |       |     8 ||     8
Armor: Scale mail        |     3 |    10 |    36 ||    49
Dodge: Dodged            |     1 |     8 |    40 ||    49
Block: Kite shield       |       |    17 |    80 ||    97
